Map: Cyber Forest LE

Players

PtitDrogo

  • Race: Protoss Protoss
  • League: Grandmaster
  • Spawn Location: 11:00

Kas - Winner!

  • Race: Terran Terran
  • League: Grandmaster
  • Spawn Location: 5:00

Event: 2019 WCS Winter Europe

VOD

Have the link to the VOD?

Description

Time

  • Played on: Feb. 7, 2019, 10:11 a.m.
  • Length: 11:48

All games in this series

Show
View Real Time Build Order
Export as new Build Order

PtitDrogo Protoss 

Build Orders: 1 Gate Expand, Archon Immortal, Blink Stalkers 

Get SALT Encoding   

  12  0:00  Probe  
  13  0:13  Probe  
  14  0:18  Pylon  
  14  0:25  Probe  
  15  0:34  Probe  
  15  0:38  Gateway  
  15  0:42  Probe  
  16  0:47  Assimilator  
  17  0:51  Probe  
  18  1:03  Probe  
  19  1:16  Probe  
  20  1:25  Cybernetics Core  
  20  1:34  Nexus  
  20  1:36  Probe  
  21  1:44  Pylon  
  21  1:49  Probe  
  21  1:51  Assimilator, Adept  
  22  2:02  Warp Gate  
  22  2:04  Probe  
  25  2:12  Stalker  
  25  2:16  Probe  
  28  2:28  Probe  
  29  2:35  Twilight Council  
  29  2:40  Probe  
  29  2:44  Blink  
  30  2:49  Probe  
  31  2:56  Gateway  
  31  2:57  Gateway  
  31  2:58  Probe  
  32  3:01  Probe  
  33  3:11  Probe  
  34  3:20  Probe  
  34  3:21  Pylon  
  33  3:27  Probe, Robotics Facility  
  34  3:36  Probe  
  34  3:39  Probe  
  36  3:48  Probe  
  36  3:51  Stalker x2, Probe  
  36  3:53  Stalker  
  44  4:00  Probe, Pylon  
  45  4:04  Probe  
  44  4:15  Probe  
  44  4:24  Stalker x3  
  44  4:27  Probe  
  44  4:28  Observer  
  44  4:30  Pylon  
  52  4:31  Assimilator  
  52  4:32  Assimilator  
  52  4:35  Probe  
  53  4:39  Probe  
  54  4:47  Probe  
  54  4:49  Stalker x3  
  61  4:59  Probe  
  50  5:01  Probe  
  52  5:07  Probe  
  52  5:13  Probe  
  54  5:20  Probe, Warp Prism  
  54  5:21  Dark Shrine  
  54  5:25  Probe  
  54  5:27  Charge  
  56  5:33  Probe  
  59  5:39  Probe  
  59  5:41  Sentry  
  62  5:45  Probe  
  63  5:55  Probe  
  60  6:00  Probe  
  60  6:03  Gateway  
  61  6:06  Gateway  
  61  6:09  Gateway  
  61  6:19  Gateway x2  
  59  6:26  Zealot x3  
  65  6:36  Pylon  
  65  6:39  Pylon  
  65  6:43  Immortal  
  69  6:53  Pylon  
  69  6:57  Dark Templar x2  
  69  6:58  Dark Templar  
  75  7:02  Dark Templar  
  77  7:20  Dark Templar x2  
  77  7:22  Immortal  
  85  7:24  Archon  
  85  7:49  Zealot x2, Dark Templar x2  
  93  7:53  Nexus  
  92  8:00  Archon  
  92  8:12  Zealot  
  94  8:16  Zealot  
  94  8:18  Pylon  
  94  8:20  Pylon  
  92  8:27  Immortal  
  92  8:32  Phoenix  
  92  8:37  Pylon  
  92  8:39  Dark Templar x4, Pylon  
  92  8:40  Zealot  
  102  8:45  Archon  
  102  8:46  Archon  
  99  8:50  Pylon  
  99  8:54  Zealot  
  99  8:55  Zealot  
  103  9:00  Nexus  
  103  9:05  Warp Prism  
  59  9:28  Robotics Bay  
  59  9:30  Immortal  
  61  9:31  Sentry  
  61  9:37  Pylon  
  61  9:39  Stalker x2  
  61  9:45  Sentry  
  71  10:01  Pylon  
  71  10:04  Forge, Probe x2  
  71  10:05  Disruptor  
  73  10:10  Sentry  
  76  10:15  Forge  
  76  10:16  Probe  
  76  10:19  Stalker  
  80  10:22  Dark Templar  
  82  10:28  Stalker  
  82  10:35  Stalker x2, Sentry  
  76  10:44  Zealot  
  76  10:45  Zealot  
  76  10:48  Probe  
  76  10:49  Disruptor  
  58  11:04  Dark Templar  
  58  11:08  Dark Templar  
  60  11:12  Archon  
  60  11:15  Probe  
  61  11:23  Zealot  
  61  11:25  Probe  
Show
View Real Time Build Order
Export as new Build Order

Kas Terran - Winner!

Build Orders:  

Get SALT Encoding   

  12  0:01  SCV  
  13  0:13  SCV  
  14  0:17  Supply Depot  
  14  0:25  SCV  
  14  0:28  Refinery  
  15  0:39  SCV  
  16  0:45  Barracks  
  16  0:51  SCV  
  17  1:03  SCV  
  18  1:15  SCV  
  19  1:32  Reaper, Orbital Command  
  20  1:46  Command Center  
  20  1:56  Factory  
  20  2:01  SCV  
  21  2:06  Barracks Reactor  
  21  2:13  SCV, Refinery  
  22  2:19  Supply Depot  
  22  2:25  SCV  
  23  2:40  SCV  
  23  2:41  Widow Mine  
  23  2:42  Marine x2  
  27  2:53  SCV, Starport  
  27  2:57  Supply Depot  
  28  3:02  Marine, Widow Mine  
  31  3:16  SCV  
  32  3:22  Orbital Command  
  32  3:23  Marine  
  32  3:26  Marine  
  32  3:28  SCV  
  32  3:33  Widow Mine  
  35  3:36  Medivac  
  35  3:40  SCV  
  38  3:42  Marine  
  38  3:47  SCV  
  40  3:52  SCV  
  40  3:53  Bunker  
  41  3:55  Factory Tech Lab  
  41  3:59  SCV  
  41  4:01  Marine x2  
  44  4:04  SCV  
  42  4:19  Marine x2  
  41  4:27  SCV x2  
  41  4:28  Siege Tank  
  45  4:33  Starport Tech Lab, Supply Depot  
  45  4:35  Barracks  
  45  4:37  Marine x2  
  47  4:39  SCV x2  
  49  4:47  Supply Depot  
  49  4:51  SCV  
  50  4:55  Marine  
  50  4:58  SCV  
  50  4:59  Marine  
  51  5:01  Siege Tank  
  51  5:03  SCV  
  51  5:10  SCV, Engineering Bay, Barracks  
  51  5:12  Marine  
  51  5:13  Raven  
  55  5:18  SCV  
  56  5:21  Refinery  
  56  5:22  Marine  
  56  5:23  Barracks Tech Lab  
  56  5:25  SCV  
  58  5:31  Marine  
  58  5:33  Siege Tank  
  62  5:38  Terran Infantry Weapons Level 1  
  62  5:39  SCV, Marine, Supply Depot  
  62  5:40  SCV  
  65  5:42  Supply Depot  
  65  5:43  Marine  
  65  6:01  SCV x2, Marine x2  
  69  6:05  Stimpack  
  69  6:09  Starport Reactor  
  69  6:13  SCV, Barracks  
  69  6:14  Combat Shield  
  69  6:15  Barracks  
  69  6:16  Factory Reactor  
  70  6:22  Marauder  
  70  6:25  Marauder, Marine x2  
  72  6:32  SCV  
  75  6:36  SCV  
  75  6:39  Refinery, Supply Depot  
  76  6:40  Supply Depot x2  
  76  6:43  Marauder  
  78  7:00  SCV x2, Marine x2  
  78  7:01  Marauder, Medivac x2, Widow Mine  
  86  7:02  Supply Depot, Widow Mine  
  86  7:04  Supply Depot  
  86  7:05  Barracks Reactor  
  92  7:09  Marauder  
  94  7:17  Marauder  
  94  7:19  Marine  
  94  7:20  Marine  
  94  7:22  Marauder  
  100  7:23  Concussive Shells  
  100  7:24  Widow Mine x2  
  104  7:32  Supply Depot x2  
  104  7:33  Marauder  
  103  7:42  Marauder, Marine  
  103  7:43  Marauder  
  103  7:44  Marine x2  
  108  7:46  Marine  
  111  7:54  Marine  
  112  8:03  Widow Mine x2  
  112  8:04  Marauder, Viking x2  
  112  8:05  Marine  
  116  8:06  Marine x2  
  116  8:07  Command Center, Marine  
  119  8:13  Missile Turret  
  119  8:17  Missile Turret  
  115  8:20  Marauder, Marine  
  112  8:48  Marauder x2  
  112  8:55  Marauder  
  114  8:58  Command Center  
  114  8:59  SCV x2  
  90  9:21  Marauder x2, Marine x2  
  90  9:22  Marine x2  
  90  9:23  Medivac x2  
  85  9:26  SCV x2  
  84  9:38  SCV x2, Marine  
  86  9:39  Terran Infantry Armor Level 1, Marine x2  
  86  9:45  Missile Turret, Marine  
  89  9:46  Marine  
  89  9:47  Marine x2  
  89  9:49  Widow Mine  
  95  9:53  Medivac x2  
  95  9:55  Marine  
  100  10:03  Bunker  
  99  10:07  Marauder, Marine x2  
  99  10:08  Marauder, Marine  
  106  10:17  Orbital Command  
  104  10:27  Marauder, Marine x2  
  108  10:29  Marauder x2  
  108  10:35  Marine  
  105  10:48  Marauder  
  105  10:50  Marauder  
  98  10:57  Orbital Command  
  97  11:06  SCV x2  
  97  11:11  Marauder x2, Marine x4  
  106  11:12  Marauder  
  109  11:18  Engineering Bay  
  109  11:20  Armory  
  104  11:28  Marine x2  
  104  11:29  Marine  
Tags
 
Add a new tag
Caveats
  • Supply blocks, unpowered buildings, or Contaminate may cause inaccurate times.
  • Supply counts are checked every 10 seconds.